Map: Port Aleksander LE

Players

Leenock - Winner!

  • Race: Zerg Zerg
  • Spawn Location: 11:00

Krr

  • Race: Protoss Protoss
  • Spawn Location: 5:00

Event: IEM Season 13: Katowice (2019)

VOD

Have the link to the VOD?

Description

Time

  • Played on: Feb. 25, 2019, 4:14 a.m.
  • Length: 11:43

All games in this series

Show
View Real Time Build Order
Export as new Build Order

Leenock Zerg - Winner!

Build Orders: Hatch First, Roach Hydra 

Get SALT Encoding   

  12  0:00  Drone  
  13  0:12  Overlord  
  13  0:18  Drone  
  14  0:30  Drone  
  14  0:31  Drone  
  14  0:34  Drone  
  17  0:51  Hatchery  
  17  0:55  Drone  
  17  0:58  Drone  
  18  1:06  Extractor  
  17  1:15  Spawning Pool  
  16  1:20  Drone  
  16  1:22  Drone  
  18  1:28  Drone  
  19  1:39  Drone  
  20  1:51  Hatchery  
  20  1:54  Drone  
  20  2:00  Drone  
  21  2:06  Drone  
  22  2:09  Metabolic Boost  
  22  2:18  Queen  
  24  2:24  Overlord  
  24  2:26  Drone  
  24  2:29  Drone  
  26  2:32  Drone  
  26  2:34  Drone  
  28  2:41  Queen  
  31  2:44  Zergling x2  
  31  2:46  Zergling x2  
  31  2:48  Zergling x2  
  33  2:54  Zergling x2  
  33  2:57  Queen  
  36  3:05  Overlord  
  36  3:06  Drone  
  36  3:08  Drone  
  38  3:13  Queen  
  38  3:18  Drone  
  41  3:21  Drone  
  41  3:23  Drone  
  41  3:24  Drone  
  41  3:25  Drone  
  45  3:27  Drone  
  45  3:30  Drone  
  47  3:34  Queen  
  47  3:37  Drone  
  50  3:41  Overlord  
  50  3:50  Overlord  
  50  3:57  Overlord  
  50  4:01  Drone  
  50  4:02  Drone x5  
  56  4:03  Drone  
  56  4:06  Drone  
  56  4:09  Drone x2, Overlord  
  60  4:14  Spore Crawler x2  
  60  4:15  Spore Crawler  
  57  4:18  Drone, Lair  
  57  4:23  Drone x3  
  61  4:25  Drone  
  61  4:26  Drone  
  63  4:34  Roach Warren  
  62  4:41  Drone x7  
  62  4:43  Drone x2  
  62  4:44  Drone  
  72  4:47  Drone  
  72  4:48  Extractor  
  72  4:49  Extractor  
  72  4:50  Extractor  
  72  4:51  Extractor  
  69  4:53  Drone  
  69  5:01  Spore Crawler  
  69  5:03  Drone x2  
  69  5:04  Drone x5  
  69  5:07  Overlord  
  75  5:08  Zergling x2  
  76  5:20  Zergling x8  
  77  5:21  Roach x2  
  77  5:25  Roach  
  77  5:28  Roach  
  85  5:29  Roach  
  85  5:33  Glial Reconstitution, Roach  
  89  5:36  Overseer  
  89  5:39  Overlord x4  
  88  5:56  Roach  
  90  5:59  Evolution Chamber  
  90  6:00  Drone, Hydralisk Den  
  90  6:01  Drone x2  
  91  6:08  Roach x5  
  91  6:09  Roach x2  
  101  6:12  Roach  
  101  6:14  Roach x3  
  101  6:16  Roach  
  101  6:17  Roach  
  106  6:20  Roach  
  106  6:21  Roach  
  106  6:22  Roach  
  112  6:28  Roach  
  111  6:33  Lair  
  111  6:39  Roach x3  
  107  6:46  Roach  
  107  7:01  Roach x2  
  107  7:03  Roach x2  
  107  7:04  Hatchery  
  107  7:05  Roach  
  107  7:06  Roach  
  107  7:08  Drone x2  
  108  7:09  Overlord x3  
  108  7:16  Zerg Missile Weapons Level 1  
  108  7:17  Grooved Spines  
  108  7:35  Drone x2  
  108  7:36  Drone x3  
  111  7:48  Hydralisk x8  
  119  8:01  Roach  
  119  8:02  Roach  
  111  8:12  Roach  
  111  8:16  Roach  
  109  8:21  Roach x3  
  109  8:23  Roach  
  109  8:26  Roach  
  115  8:28  Roach  
  115  8:29  Roach  
  115  8:30  Roach  
  115  8:33  Roach  
  105  8:35  Roach  
  105  8:38  Muscular Augments  
  107  8:44  Hydralisk  
  107  8:45  Hydralisk x3  
  107  8:46  Queen x3  
  107  8:48  Hydralisk x2  
  121  8:51  Drone x2  
  127  8:56  Hydralisk  
  127  9:00  Hydralisk  
  127  9:01  Roach  
  133  9:05  Roach  
  135  9:13  Hydralisk  
  135  9:14  Hydralisk  
  135  9:15  Overlord x2  
  137  9:22  Pneumatized Carapace, Roach x3  
  133  9:30  Hatchery  
  132  9:35  Roach  
  132  9:36  Roach  
  132  9:38  Hydralisk x2  
  138  9:43  Hydralisk x3  
  146  9:47  Hydralisk  
  146  9:49  Overlord  
  146  9:52  Overlord  
  148  9:53  Overlord  
  148  9:57  Hydralisk x2  
  152  10:12  Roach x6  
  152  10:13  Roach  
  166  10:18  Roach  
  168  10:27  Hydralisk x3  
  172  10:36  Hydralisk  
  172  10:37  Overlord x2  
  174  10:54  Hydralisk  
  174  10:55  Hydralisk  
  176  10:59  Hydralisk x3  
  180  11:09  Hydralisk x4  
  186  11:17  Hydralisk  
Show
View Real Time Build Order
Export as new Build Order

Krr Protoss 

Build Orders: 1 Gate Expand, Oracle Opening, Zealot Archon, Archon Drop 

Get SALT Encoding   

  12  0:00  Probe  
  13  0:12  Probe  
  14  0:18  Pylon  
  14  0:24  Probe  
  15  0:32  Probe  
  15  0:40  Probe  
  16  0:45  Gateway  
  16  0:49  Assimilator  
  17  0:53  Probe  
  18  1:05  Probe  
  19  1:17  Probe  
  20  1:27  Nexus  
  20  1:37  Cybernetics Core  
  20  1:42  Probe  
  21  1:47  Assimilator  
  21  1:55  Probe  
  21  1:58  Pylon  
  22  2:06  Adept  
  22  2:07  Probe  
  23  2:19  Probe  
  26  2:23  Stargate  
  26  2:27  Adept  
  26  2:30  Warp Gate  
  26  2:31  Probe  
  26  2:35  Probe  
  29  2:43  Probe x2  
  32  2:55  Probe  
  32  2:56  Probe  
  32  2:57  Stalker  
  36  2:59  Oracle  
  36  3:07  Probe  
  40  3:13  Probe  
  40  3:19  Probe  
  42  3:20  Pylon  
  42  3:25  Probe  
  43  3:30  Assimilator  
  43  3:31  Probe  
  43  3:32  Assimilator  
  44  3:37  Probe  
  44  3:38  Oracle  
  48  3:45  Gateway  
  48  3:46  Probe  
  49  3:49  Probe  
  50  3:57  Robotics Facility  
  50  3:58  Probe  
  50  4:01  Probe  
  52  4:03  Pylon  
  52  4:08  Twilight Council  
  52  4:11  Probe  
  52  4:13  Probe  
  54  4:23  Probe  
  55  4:25  Probe  
  55  4:26  Charge  
  55  4:31  Gateway  
  56  4:33  Warp Prism, Gateway  
  56  4:35  Probe  
  57  4:45  Templar Archives  
  59  4:57  Gateway x2  
  59  5:04  Pylon  
  59  5:07  Probe  
  59  5:08  Probe  
  61  5:23  Nexus  
  61  5:25  Pylon  
  61  5:26  Pylon  
  63  5:30  Observer  
  63  5:34  High Templar  
  63  5:35  High Templar x3  
  70  5:39  Archon x2  
  70  5:43  Pylon, Probe x2  
  70  5:44  Pylon  
  72  5:55  Probe x2  
  73  6:07  Probe x2  
  73  6:09  Zealot x6  
  84  6:19  Probe x2  
  84  6:31  Probe x2  
  78  6:32  Zealot x5  
  78  6:33  Zealot  
  84  6:45  Probe x2  
  79  6:52  Probe  
  79  6:54  Zealot x5  
  75  6:57  Probe  
  75  6:58  Zealot  
  85  7:02  Probe  
  85  7:04  Probe  
  87  7:11  Pylon  
  87  7:15  High Templar x5  
  93  7:17  Probe x2  
  93  7:20  Archon  
  93  7:21  Archon  
  93  7:22  High Templar  
  101  7:29  Archon  
  96  7:33  Probe x3  
  85  7:51  Zealot x2  
  85  7:52  Zealot x3  
  85  7:54  Immortal  
  91  8:03  Probe x2  
  89  8:13  Zealot x6  
  95  8:24  Probe x2  
  95  8:25  Probe  
  89  8:29  Immortal  
  89  8:31  Psionic Storm  
  70  8:36  Probe x2  
  70  8:37  Probe  
  73  8:41  High Templar x2  
  73  8:42  High Templar x2  
  82  8:48  Probe x2  
  82  8:55  Zealot x2  
  87  9:00  Assimilator  
  87  9:03  Shield Battery  
  84  9:14  Zealot x4  
  90  9:18  Zealot x2  
  90  9:21  Probe x3  
  95  9:28  Immortal  
  95  9:37  Gateway  
  99  9:39  Sentry, Gateway  
  101  9:53  High Templar  
  101  9:54  High Templar, Zealot x2  
  101  9:58  Pylon  
  109  10:00  Pylon  
  109  10:05  Zealot  
  107  10:07  Probe  
  107  10:08  Probe  
  109  10:15  Probe  
  109  10:17  Pylon x2  
  109  10:23  Stalker x3  
  115  10:29  Stalker x3  
  115  10:35  Stalker  
  123  10:41  Probe x3  
  126  10:46  Zealot x2  
  126  10:47  Zealot  
  129  10:51  Stalker  
  129  10:53  Probe x3  
  126  11:03  Zealot x4  
  130  11:06  Zealot x2  
  122  11:14  Zealot x2  
  99  11:24  Zealot x2  
  99  11:25  Zealot  
  93  11:30  Zealot x3  

Tags
 
Add a new tag
Caveats
  • Supply blocks, unpowered buildings, or Contaminate may cause inaccurate times.
  • Supply counts are checked every 10 seconds.